 Dungeon Crawl Stone Soup version 0.28.0-1-gb440e238dd (webtiles) character file.

Game seed: 15990906276894765284

304 Zonian the Stinger (level 6, -2/41 HPs)
             Began as a Demonspawn Venom Mage on Feb 27, 2022.
             Was a Believer of Dithmenos.
             Killed by divine providence
             ... invoked by an orc priest
              (15 damage)
             ... on level 3 of the Dungeon.
             The game lasted 00:11:35 (6380 turns).

Zonian the Stinger (Demonspawn Venom Mage)          Turns: 6380, Time: 00:11:36

Health: -2/41      AC:  3    Str:  8    XL:     6   Next: 15%
Magic:  5/10       EV: 13    Int: 22    God:    Dithmenos [**....]
Gold:   95         SH:  0    Dex: 16    Spells: 4/10 levels left

rFire   . . .      SeeInvis .   h - +5 dagger
rCold   . . .      Faith    .   (no shield)
rNeg    . . .      Spirit   .   a - +0 robe
rPois   .          Reflect  .   e - +0 helmet "Zaisucug" {Int+2 Dex+2 Stlth-}
rElec   .          Harm     .   (no cloak)
rCorr   .          Rampage  .   (no gloves)
Will    .....                   (no boots)
Stlth   ++........              (no amulet)
HPRegen 0.13/turn               (no ring)
MPRegen 0.12/turn               (no ring)

@: wreathed by umbra
A: hooves 1, spiny 1, big brain 1
a: Renounce Religion, Shadow Step


You were on level 3 of the Dungeon.
You worshipped Dithmenos.
Dithmenos was pleased with you.
You visited 1 branch of the dungeon, and saw 3 of its levels.

You collected 95 gold pieces.

Inventory:

Hand Weapons
 b - a +0 dagger
 h - a +5 dagger (weapon)
Missiles
 j - 5 poisoned darts
Armour
 a - a +0 robe (worn)
 e - the +0 helmet "Zaisucug" (worn) {Int+2 Dex+2 Stlth-}
   (You took it off Robin on level 2 of the Dungeon)

   Int:       It affects your intelligence (+2).
   Dex:       It affects your dexterity (+2).
   Stlth:     It makes you less stealthy.
Magical Staves
 i - a staff of conjuration
Scrolls
 c - a scroll of noise
 d - a scroll of fear
 g - a scroll of teleportation
Potions
 f - a potion of degeneration
 k - a potion of curing


   Skills:
 + Level 2.8 Dodging
 + Level 3.0 Stealth
 + Level 2.9 Spellcasting
 + Level 0.9 Conjurations
 + Level 2.2 Transmutations
 + Level 1.3 Air Magic
 + Level 3.8 Poison Magic
 + Level 2.0 Invocations


You had 4 spell levels left.
You knew the following spells:

 Your Spells              Type           Power      Damage    Failure   Level
a - Sting                 Tmut/Pois      64%        1d6       3%          1
b - Poisonous Vapours     Pois/Air       28%        N/A       7%          2
c - Mephitic Cloud        Conj/Pois/Air  12%        N/A       17%         3

Your spell library contained the following spells:

 Spells                   Type           Power      Damage    Failure   Level
 Olgreb's Toxic Radiance  Pois           19%        N/A       26%         4


Dungeon Overview and Level Annotations

Branches:
Dungeon (3/15)

Altars:
Dithmenos

Shops:
D:3 [


Innate Abilities, Weirdness & Mutations

You have large cloven feet.
You are partially covered in sharp spines.
You have an unusually large brain. (Int +2)


Message History

The sting hits the orc.
The orc looks even sicker.
The orc is heavily wounded.
Unknown command.
You hit the orc.
You kill the orc!
Dithmenos accepts your kill.
Unknown command.
You closely miss the orc. You kick the orc, but do no damage.
The orc priest mumbles some strange prayers to Beogh against you.
Beogh smites you!
The orc hits you with a +0 short sword of speed.
You puncture the orc!
You kill the orc!
Dithmenos accepts your kill.
Unknown command.
The sting hits the orc priest.
The orc priest is poisoned.
The orc priest is lightly wounded.
The orc priest calls down the wrath of Beogh upon you.
Beogh smites you!
You are too injured to fight recklessly!
You are too injured to fight recklessly!
Unknown command.
Casting: Sting (safe; 3% risk of failure)
Confirm with . or Enter, or press ? or * to list all spells.
Aiming: Sting (safe; 3% risk of failure)
Press: ? - help, Shift-Dir - straight line, f/p - orc priest
Aim: an orc priest, wielding a +0 hand axe (moderately wounded, poisoned, umbra, 74% to hit)
The sting hits the orc priest.
The orc priest looks even sicker.
The orc priest is heavily wounded.
Unknown command.
Casting: Sting (safe; 3% risk of failure)
Confirm with . or Enter, or press ? or * to list all spells.
Aiming: Sting (safe; 3% risk of failure)
Press: ? - help, Shift-Dir - straight line, f/p - orc priest
Aim: an orc priest, wielding a +0 hand axe (heavily wounded, very poisoned, umbra, 74% to hit)
The sting hits the orc priest.
The orc priest looks even sicker.
The orc priest is severely wounded.
The orc priest calls down the wrath of Beogh upon you.
Beogh smites you!
You die...

..# #. #.# ..# #.
#.#########. ..# #.
#.#......... ..#
#.######.#.######## ..#
#......∩.(.#
..####.........#
.......#####<#.## ###.#
..##########..<.##.)...#
................@oo#
.†############..#### .<#
#..# ..####### #..#
......... #..# #.#######
#..# #.# #..# #.# ...#
#.#


You could see an orc priest (very poisoned) and an orc.

Vanquished Creatures
  An ogre (D:3)
  Ijyb (D:3)
  Natasha (D:3)
  Robin (D:2)
  3 gnolls
  3 adders
  3 worms
  2 dart slugs
  7 orcs (D:3)
  3 bats
  5 endoplasms
  3 giant cockroaches
  12 hobgoblins
  4 jackals
  2 kobolds (D:1)
  3 quokkas
  A ball python (D:1)
  3 frilled lizards
  11 goblins
  8 rats
77 creatures vanquished.

Notes
Turn   | Place    | Note
-------+----------+-------------------------------------------
     0 | D:1      | Zonian the Demonspawn Venom Mage began the quest for the
                  | Orb.
     0 | D:1      | Reached XP level 1. HP: 13/13 MP: 3/3
    53 | D:1      | Reached skill level 1 in Transmutations
   768 | D:1      | Gained mutation: You are partially covered in sharp spines.
                  | [demonic ancestry]
   768 | D:1      | Reached XP level 2. HP: 19/19 MP: 0/5
   967 | D:1      | Found a faded altar of an unknown god.
  1683 | D:1      | Reached XP level 3. HP: 6/24 MP: 3/6
  2009 | D:1      | Learned a level 2 spell: Poisonous Vapours
  3830 | D:1      | Prayed at the altar of an unknown god.
  3830 | D:1      | Became a worshipper of Dithmenos the Shadowed
  3830 | D:1      | Reached * piety under Dithmenos
  4155 | D:1      | Reached XP level 4. HP: 28/30 MP: 7/7
  4311 | D:2      | Identified the +0 helmet "Zaisucug" {Int+2 Dex+2 Stlth-}
  4311 | D:2      | Noticed Robin
  4332 | D:2      | Killed Robin
  4707 | D:2      | Reached skill level 1 in Invocations
  4848 | D:2      | Reached ** piety under Dithmenos
  5161 | D:3      | Noticed Ijyb
  5207 | D:3      | Killed Ijyb
  5208 | D:3      | Reached skill level 1 in Air Magic
  5208 | D:3      | Gained mutation: You have an unusually large brain. (Int
                  | +2) [demonic ancestry]
  5208 | D:3      | Reached XP level 5. HP: 4/35 MP: 0/9
  5735 | D:3      | Noticed an ogre
  5747 | D:3      | Learned a level 3 spell: Mephitic Cloud
  5816 | D:3      | Killed an ogre
  6169 | D:3      | Gained mutation: You have large cloven feet. [demonic
                  | ancestry]
  6169 | D:3      | Reached XP level 6. HP: 36/41 MP: 5/10
  6300 | D:3      | Noticed Natasha
  6312 | D:3      | Killed Natasha
  6350 | D:3      | Found Hajiwaq's Armour Shop.
  6380 | D:3      | Killed from afar by an orc priest

Illustrated notes

Levels and vault maps discovered:
D:1:      mainiacjoe_arrival_reflecting_pool, layout_loops_ring,
          chequers_ecumenical_altar_simple, minmay_misc_feat_pillars
D:2:      layout_rooms, uniq_robin
D:3:      layout_loops_ring, serial_shops, shop, uniq_natasha, uniq_ijyb

Skill      XL: |  1  2  3  4  5  6 |
---------------+-------------------+-----
Transmutations | 1 2 |  2.2
Stealth        | 2 3 |  3.0
Dodging        | 2 |  2.8
Invocations    | 1 2 |  2.0
Air Magic      | 1 |  1.3
Spellcasting   | |  2.9
Conjurations   | |  0.9
Poison Magic   | |  3.8

Action                   |  1- 3 |  4- 6 || total
-------------------------+-------+-------++-------
Melee: Dagger            |    30 |    52 ||    82
       Kick              |       |     2 ||     2
 Cast: Sting             |    53 |    53 ||   106
       Poisonous Vapours |       |     9 ||     9
  Use: Scroll            |     4 |     3 ||     7
       Potion            |       |     1 ||     1
 Stab: Sleeping          |     1 |     1 ||     2
       Distracted        |     1 |       ||     1
Armor: Robe              |    17 |     8 ||    25
Dodge: Dodged            |    51 |    50 ||   101
